Map: Acropolis EC

Players

zuka - Winner!

  • Race: Protoss Protoss
  • League: Master
  • Spawn Location: 5:00

Orako

  • Race: Zerg Zerg
  • League: Master
  • Spawn Location: 11:00

VOD

Have the link to the VOD?

Description

Time

  • Played on: Oct. 18, 2019, 3:11 p.m.
  • Length: 3:57
Show
View Real Time Build Order
Export as new Build Order

zuka Protoss - Winner!

Build Orders:  

Get SALT Encoding   

  12  0:00  Probe  
  13  0:13  Probe  
  14  0:25  Probe  
  15  0:33  Pylon  
  15  0:52  Gateway  
  15  0:55  Gateway  
  15  0:58  Gateway  
  15  1:10  Gateway  
  15  1:18  Pylon  
  17  1:42  Zealot (Chrono Boost)  
  17  1:45  Zealot (Chrono Boost)  
  21  1:48  Zealot (Chrono Boost)  
  21  1:59  Zealot x2 (Chrono Boost)  
  25  2:02  Zealot  
  27  2:10  Zealot  
  29  2:25  Zealot  
  31  2:48  Pylon  
  31  3:05  Zealot (Chrono Boost)  
  36  3:13  Zealot x3 (Chrono Boost)  
  36  3:23  Zealot  
Show
View Real Time Build Order
Export as new Build Order

Orako Zerg 

Build Orders: Hatch First 

Get SALT Encoding   

  12  0:01  Drone  
  13  0:12  Overlord  
  13  0:16  Drone  
  14  0:30  Drone  
  14  0:32  Drone  
  14  0:34  Drone  
  17  0:51  Hatchery  
  17  0:54  Drone  
  17  0:57  Drone  
  18  1:08  Extractor  
  17  1:13  Spawning Pool  
  17  1:16  Drone  
  17  1:21  Drone  
  18  1:29  Drone  
  19  1:41  Overlord  
  19  1:53  Drone  
  20  1:59  Queen  
  23  2:01  Zergling x2  
  23  2:03  Queen  
  23  2:04  Zergling x2  
  26  2:10  Roach Warren  
  25  2:16  Spine Crawler  
  25  2:22  Spine Crawler  
  23  2:26  Zergling x2  
  24  2:31  Zergling x4  
  25  2:41  Zergling x4  
  25  2:52  Roach x2  
  26  2:59  Roach  
  26  3:01  Roach  
  22  3:24  Roach  
  22  3:32  Roach  
Tags
 
Add a new tag
Caveats
  • Supply blocks, unpowered buildings, or Contaminate may cause inaccurate times.
  • Supply counts are checked every 10 seconds.